 Dungeon Crawl Stone Soup version 0.28.0-49-g6dfe1f597d (webtiles) character file.

Game seed: 6035492201793280711

609 Peloso the Slasher (level 7, -5/61 HPs)
             Began as a Minotaur Fighter on May 20, 2022.
             Slain by a gnoll sergeant
             ... wielding a +0 spear
              (11 damage)
             ... on level 5 of the Dungeon.
             The game lasted 00:09:53 (4206 turns).

Peloso the Slasher (Minotaur Fighter)               Turns: 4206, Time: 00:09:53

Health: -5/61      AC:  9    Str: 21    XL:     7   Next: 19%
Magic:  6/6        EV:  8    Int:  5    God:
Gold:   247        SH: 14    Dex: 11    Spells: 6/6 levels left

rFire   . . .      SeeInvis .   a - +1 long sword
rCold   + . .      Faith    .   c - +0 kite shield
rNeg    . . .      Spirit   .   b - +2 scale mail {rC+}
rPois   .          Reflect  +   (helmet restricted)
rElec   .          Harm     .   (no cloak)
rCorr   .          Rampage  .   (no gloves)
Will    .....                   (no boots)
Stlth   ..........              h - amulet of reflection
HPRegen 0.20/turn               i - ring of flight
MPRegen 0.10/turn               (no ring)

@: flying
A: horns 2, retaliatory headbutt
a: no special abilities


You were on level 5 of the Dungeon.
You visited 2 branches of the dungeon, and saw 6 of its levels.
You also visited: Ossuary.

You collected 247 gold pieces.

Inventory:

Hand Weapons
 a - a +1 long sword (weapon)
Armour
 b - a +2 scale mail of cold resistance (worn)
 c - a +0 kite shield (worn)
Jewellery
 h - an amulet of reflection (around neck)
 i - a ring of flight (left hand)
 o - an amulet of faith
 s - a ring of protection from cold
Scrolls
 m - a scroll of immolation {unknown}
 n - a scroll of blinking {unknown}
 p - 3 scrolls of fear {unknown}
 r - a scroll of fog {unknown}
 t - a scroll of identify {unknown}
 u - a scroll of magic mapping
 w - a scroll of teleportation {unknown}
 x - a scroll of enchant weapon
Potions
 d - a potion of might
 e - a potion of ambrosia {unknown}
 f - a potion of berserk rage {unknown}
 g - 2 potions of attraction {unknown}
 j - 2 potions of cancellation {unknown}
 k - a potion of lignification {unknown}
 l - 3 potions of curing {unknown}
 q - 2 potions of heal wounds {unknown}
 v - a potion of brilliance {unknown}


   Skills:
 + Level 5.0 Fighting
 + Level 6.4 Long Blades
 + Level 5.8 Armour
 + Level 1.2 Dodging
 + Level 0.2 Stealth
 + Level 5.2 Shields


You had 6 spell levels left.
You didn't know any spells.
Your spell library contained the following spells:

 Spells                   Type           Power      Damage    Failure   Level
 Magic Dart               Conj           0%         1d3       98%         1
 Searing Ray              Conj           0%         2d4       99%         2
 Conjure Flame            Conj/Fire      0%         6-21      100%        3
 Ignite Poison            Fire/Tmut/Pois 0%         N/A       100%        3
 Mephitic Cloud           Conj/Pois/Air  0%         N/A       100%        3
 Fulminant Prism          Conj/Hex       0%         3d6       100%        4
 Sticky Flame             Conj/Fire      0%         2d3       100%        4
 Freezing Cloud           Conj/Ice/Air   0%         6-21      100%        5


Dungeon Overview and Level Annotations

Branches:
Dungeon (5/15)             Temple (1/1) D:5         Ossuary (visited)

Altars:
Ashenzari
Elyvilon
Fedhas
Hepliaklqana
Kikubaaqudgha
Makhleb
Nemelex Xobeh
Qazlal
Uskayaw
Xom
Yredelemnul
Zin
The Shining One


Innate Abilities, Weirdness & Mutations

You have a pair of horns on your head.
You reflexively headbutt those who attack you in melee.


Message History

The ufetubus hits you but does no damage.
You block the ufetubus's attack. The ufetubus hits you.
* * * LOW HITPOINT WARNING * * *
You block the ufetubus's attack. x2
The ufetubus barely misses you. You block the ufetubus's attack.
You block the ufetubus's attack.
The ufetubus hits you but does no damage. 2 yaks come into view.
The yak bellows! x2; You hear a shout!
The ufetubus barely misses you.
The ufetubus hits you but does no damage.
You block the yak's attack. You block the ufetubus's attack.
The ufetubus barely misses you. The ufetubus closely misses you.
You block the ufetubus's attack.
A yak comes into view.
The ufetubus barely misses you. You block the ufetubus's attack.
You block the ufetubus's attack. x2
The ufetubus hits you but does no damage.
You block the ufetubus's attack. The ufetubus hits you.
* * * LOW HITPOINT WARNING * * *
You block the ufetubus's attack.
The ufetubus hits you but does no damage.
You block the ufetubus's attack. The ufetubus closely misses you.
You furiously retaliate!
You headbutt the ufetubus, but do no damage.
You block the ufetubus's attack. You block the ufetubus's attack.
The ufetubus hits you.
* * * LOW HITPOINT WARNING * * *
The ufetubus hits you but does no damage.
You block the ufetubus's attack. You block the ufetubus's attack.
The ufetubus hits you but does no damage.
You block the ufetubus's attack. The ufetubus hits you.
* * * LOW HITPOINT WARNING * * *
You block the ufetubus's attack. x2
There is a staircase to the Ecumenical Temple here.
You block the ufetubus's attack. x2
The gnoll sergeant hits you from afar with a +0 spear!
You die...

#.........##.##.......##.....,
#######......#####.........###
#>...............'.÷..........
#.#.....##.##.##.##..........?
#,#....##......)..#...........
#.#...........................
#)......#..⌠...⌠..#...........
####.##.#.........#...........
#.##.$....@5g.YYZ..........
#.##.#.........#.##########
#.##.#..⌠...⌠..#.#
#.##.............#
#.####.........### #.#
##.##.##.##**** ** #<#
#.*#......,,,*******, ###
#.,........,,',,,,,,,
####.#.......**,*,***


You could see 2 yaks, a gnoll sergeant, an ufetubus and an adder zombie.

Vanquished Creatures
  A sky beast (D:5)
  A phantom (D:5)
  2 centaur zombies (Ossuary)
  5 hounds
  An iguana (D:4)
  6 mummies
  2 gnolls (D:5)
  4 adders
  4 worms
  A dart slug (D:3)
  An orc (D:3)
  6 bats
  8 endoplasms
  2 giant cockroaches
  2 hobgoblins
  4 jackals (D:3)
  A quokka (D:3)
  2 ball pythons
  2 frilled lizards (D:1)
  9 goblins
  3 hobgoblin zombies (Ossuary)
  4 kobolds
  6 rats
  4 bushes (D:2)
81 creatures vanquished.

Vanquished Creatures (others)
  10 plants
10 creatures vanquished.

Grand Total: 91 creatures vanquished

Notes
Turn   | Place    | Note
-------+----------+-------------------------------------------
     0 | D:1      | Peloso the Minotaur Fighter began the quest for the Orb.
     0 | D:1      | Reached XP level 1. HP: 19/19 MP: 0/0
    72 | D:1      | Found a faded altar of an unknown god.
   605 | D:1      | Reached XP level 2. HP: 26/27 MP: 1/1
  1273 | D:2      | Reached XP level 3. HP: 18/33 MP: 2/2
  1444 | D:2      | Reached skill level 3 in Long Blades
  2263 | D:3      | Reached XP level 4. HP: 40/40 MP: 3/3
  2329 | D:3      | You are sucked into a shaft and drop 1 floor!
  2340 | D:4      | Reached skill level 4 in Long Blades
  2483 | D:4      | Reached XP level 5. HP: 39/47 MP: 4/4
  3019 | D:4      | Reached skill level 5 in Long Blades
  3299 | D:5      | Entered Level 5 of the Dungeon
  3306 | D:5      | Noticed a sky beast
  3308 | D:5      | Found a staircase to the Ecumenical Temple.
  3327 | D:5      | Killed a sky beast
  3328 | D:5      | Reached skill level 5 in Armour
  3328 | D:5      | Reached skill level 1 in Dodging
  3328 | D:5      | Reached XP level 6. HP: 26/53 MP: 5/5
  3604 | Temple   | Entered the Ecumenical Temple
  3733 | D:5      | Reached skill level 6 in Long Blades
  3766 | D:5      | Found a sand-covered staircase.
  3772 | Ossuary  | Entered an ossuary
  3779 | Ossuary  | Reached skill level 5 in Shields
  3964 | Ossuary  | Reached XP level 7. HP: 60/60 MP: 6/6
  3985 | Ossuary  | Reached skill level 5 in Fighting
  4143 | D:5      | HP: 3/61 [gnoll sergeant/+0 spear (3)]
  4172 | D:5      | Noticed a yak
  4172 | D:5      | Noticed a yak
  4181 | D:5      | Noticed a yak
  4206 | D:5      | Slain by a gnoll sergeant

Illustrated notes

Levels and vault maps discovered:
D:1:      heliophobic_arrival_enchanted_forest, layout_loops_ring,
          shapermc_ecumenical_altar_acropolis, serial_forest,
          infiniplex_forest_lined_corner, infiniplex_forest_straight_4,
          infiniplex_forest_corner_1, infiniplex_forest_end_2,
          infiniplex_forest_end_1, infiniplex_forest_clump_C
D:2:      layout_rooms, serial_forest, infiniplex_forest_end_2,
          infiniplex_forest_clump_tiny, infiniplex_forest_lined_corner,
          infiniplex_forest_lined_3, infiniplex_forest_diagonal,
          infiniplex_forest_straight_2, infiniplex_forest_lined_room_,
          minivault_27, minmay_misc_feat_roman
D:3:      layout_basic
D:4:      layout_basic, minmay_misc_feat_diagonals, guppyfry_early_lair_pool
D:5:      layout_basic, lemuel_doored_altar, minmay_temple_entry_large_hall,
          nicolae_ossuary_entry_giza, minmay_crystal_room
Temple:   nicolae_temple_god_jail

Skill      XL: |  1  2  3  4  5  6  7 |
---------------+----------------------+-----
Fighting       | 4 5 |  5.0
Armour         | 4 5 |  5.8
Shields        | 4 5 |  5.2
Long Blades    | 3 4 5 6 |  6.4
Dodging        | 1 |  1.2
Stealth        | |  0.2

Action                   |  1- 3 |  4- 6 |  7- 9 || total
-------------------------+-------+-------+-------++-------
Melee: Long sword        |   269 |    94 |    26 ||   389
       Headbutt          |    75 |    13 |    10 ||    98
  Use: Scroll            |     2 |     1 |       ||     3
Armor: Scale mail        |    36 |    30 |    21 ||    87
Dodge: Dodged            |    30 |    31 |    11 ||    72
Block: Buckler           |    49 |    23 |       ||    72
       Reflection        |     2 |     1 |       ||     3
       Kite shield       |       |    32 |    58 ||    90
